 Dungeon Crawl Stone Soup version 0.28.0 (webtiles) character file.

Game seed: 12730788617719183741

274 inmateoo the Chopper (level 6, 0/49 HPs)
             Began as a Formicid Warper on Feb 15, 2022.
             Slain by an ogre (6 damage)
             ... on level 4 of the Dungeon.
             The game lasted 00:03:54 (3460 turns).

inmateoo the Chopper (Formicid Warper)              Turns: 3460, Time: 00:03:54

Health: 0/49       AC: 11    Str: 18    XL:     6   Next: 49%
Magic:  9/9        EV:  5    Int: 12    God:
Gold:   181        SH:  0    Dex: 10    Spells: 9/9 levels left

rFire   . . .      SeeInvis +   h - +2 whip (elec)
rCold   . . .      Faith    .   (no shield)
rNeg    . . .      Spirit   .   j - +0 plate armour
rPois   .          Reflect  .   (helmet unavailable)
rElec   .          Harm     .   (no cloak)
rCorr   .          Rampage  .   g - +0 pair of gloves
Will    .....                   (no boots)
Stlth   ..........              (no amulet)
HPRegen 0.16/turn               (no ring)
MPRegen 0.11/turn               (no ring)

@: no status effects
A: permanent stasis, dig shafts and tunnels, antennae 3, four strong arms
a: Dig, Shaft Self


You were on level 4 of the Dungeon.
You visited 1 branch of the dungeon, and saw 4 of its levels.

You collected 181 gold pieces.

Inventory:

Hand Weapons
 a - a +1 hand axe
 h - a +2 whip of electrocution (weapon)
Missiles
 c - 4 boomerangs of dispersal
 d - 2 poisoned darts (quivered)
Armour
 g - a +0 pair of gloves (worn)
 j - a +0 plate armour (worn)
Wands
 b - a wand of digging (4)
Scrolls
 f - a scroll of enchant armour {unknown}
Potions
 e - 2 potions of brilliance
 i - a potion of curing {unknown}


   Skills:
 + Level 4.3 Fighting
 * Level 5.3 Axes
 - Level 1.0 Throwing
 - Level 1.1 Armour
 - Level 1.7 Dodging
 - Level 2.1 Spellcasting
 - Level 2.6 Translocations


You had 9 spell levels left.
You didn't know any spells.
Your spell library contained the following spells:

 Spells                   Type           Power      Damage    Failure   Level
 Gell's Gravitas          Tloc           7%         N/A       100%        3
 Lesser Beckoning         Tloc           7%         N/A       100%        3
 Teleport Other           Tloc           7%         N/A       100%        3
 Animate Armour           Summ/Erth      2%         N/A       100%        4
 Blade Hands              Tmut           0%         N/A       100%        5
 Manifold Assault         Tloc           7%         N/A       100%        5
 Iron Shot                Conj/Erth      0%         9d1       100%        6
 Blink                    Tloc           Unusable   N/A       N/A         2

Dungeon Overview and Level Annotations

Branches:
Dungeon (4/15)
 Temple: D:4-7

Altars:

Shops:
D:3 [


Innate Abilities, Weirdness & Mutations

You cannot be hasted, slowed, berserked, paralysed or teleported.
You can dig through walls and to a lower floor.
You have a pair of large antennae on your head. (SInv)
Your four strong arms can wield two-handed weapons with a shield.


Message History

You hit the endoplasm.
You kill the endoplasm!
No target in view!
HP restored.
There is an open door here.
You see here a +2 whip of electrocution.
h - a +2 whip of electrocution You hear the crackle of electricity.
h - a +2 whip of electrocution (weapon)
Things that are here:
a +0 short sword; 5 stones; a kobold corpse
There is an open door here.
Done exploring.
Done exploring.
(D) Dungeon
Where to? (Enter - D:2 @ (x,y), ? - help)
There is a stone staircase leading down here.
You climb downwards.
There is a stone staircase leading up here.
(D) Dungeon
Where to? (Enter - D:3, ? - help)
There is a stone staircase leading down here.
You climb downwards.
The ogre shouts!
The ogre hits you with a +0 giant club!
There is a stone staircase leading up, spattered with blood here.
You barely miss the ogre. You hit the ogre.
The ogre is lightly wounded.
The ogre hits you with a +0 giant club!
You are too injured to fight recklessly!
You are too injured to fight recklessly!
You hit the ogre.
The ogre is lightly wounded.
The ogre hits you with a +0 giant club!!
* * * LOW HITPOINT WARNING * * *
You hit the ogre.
The ogre is moderately wounded.
The ogre hits you with a +0 giant club.
You die...

### O.# #.#
#.############
#.......[....######
####...........O@.#
#.##.####.####.#
#.##.# #.# .#
.....# #.# .# ##
.#.#### ..# .# .
#.#.# ### .> ### #
..####. .# ..
#........ .# # #..
...#


You could see an ogre.

Vanquished Creatures
  Sigmund (D:3)
  Ijyb (D:3)
  A hound skeleton (D:4)
  2 adders
  2 worms
  2 dart slugs
  3 ball pythons
  2 bats
  6 endoplasms
  2 giant cockroaches
  8 goblins
  2 hobgoblins
  4 jackals (D:2)
  4 quokkas
  5 frilled lizards
  11 kobolds
  3 rats
59 creatures vanquished.

Notes
Turn   | Place    | Note
-------+----------+-------------------------------------------
     0 | D:1      | inmateoo the Formicid Warper began the quest for the Orb.
     0 | D:1      | Reached XP level 1. HP: 16/16 MP: 3/3
   497 | D:1      | Reached XP level 2. HP: 18/23 MP: 5/5
   815 | D:1      | Found a faded altar of an unknown god.
  1217 | D:2      | Reached XP level 3. HP: 21/28 MP: 6/6
  1319 | D:2      | You fall into a shaft and drop 2 floors!
  1335 | D:4      | Reached skill level 3 in Axes
  1549 | D:4      | Reached XP level 4. HP: 23/35 MP: 7/7
  1732 | D:4      | Noticed an ogre
  2001 | D:3      | Noticed Sigmund
  2011 | D:3      | Killed Sigmund
  2012 | D:3      | Reached skill level 4 in Axes
  2012 | D:3      | Reached XP level 5. HP: 24/42 MP: 8/8
  2012 | D:3      | Reached XP level 6. HP: 27/48 MP: 9/9
  2155 | D:3      | Reached skill level 5 in Axes
  2308 | D:3      | Noticed Ijyb
  2342 | D:3      | Killed Ijyb
  2493 | D:3      | Found Idiof's Armour Emporium.
  3460 | D:4      | Slain by an ogre

Illustrated notes

Levels and vault maps discovered:
D:1:      ncdulo_lavacross, layout_loops_corners,
          shapermc_ecumenical_altar_acropolis
D:2:      layout_basic, grunt_ministairs_15, nicolae_figureground_sparkle
D:3:      layout_rooms, serial_shops, nicolae_shop_hallway_plus,
          hangedman_abyss_or_decor_lesser_grid, uniq_ijyb, uniq_sigmund
D:4:      layout_loops_ring

Skill      XL: |  1  2  3  4  5  6 |
---------------+-------------------+-----
Axes           | 3 4 5 |  5.3
Fighting       | 3 4 |  4.3
Throwing       | |  1.0
Armour         | |  1.1
Dodging        | |  1.7
Spellcasting   | |  2.1
Translocations | |  2.6

Action                   |  1- 3 |  4- 6 || total
-------------------------+-------+-------++-------
Melee: Hand axe          |    98 |   128 ||   226
       Punch             |     1 |     2 ||     3
       Whip              |       |     4 ||     4
Throw: Boomerang         |       |     1 ||     1
  Use: Scroll            |     1 |     5 ||     6
       Potion            |       |     2 ||     2
Armor: Ring mail         |    35 |     1 ||    36
       Leather armour    |     1 |       ||     1
       Chain mail        |       |    23 ||    23
       Plate armour      |       |    58 ||    58
Dodge: Dodged            |    63 |    27 ||    90
